 Dungeon Crawl Stone Soup version 0.27-a0-54-g64bdb92e38 (webtiles) character file.

Game seed: 3411217263916877026

141 wakim the Ruffian (level 5, 0/58 HPs)
             Began as a Troll Fighter on Jan 7, 2021.
             Slain by an orc
             ... wielding a +0 trident
              (9 damage)
             ... on level 3 of the Dungeon.
             The game lasted 00:07:06 (1784 turns).

wakim the Ruffian (Troll Fighter)                   Turns: 1784, Time: 00:07:06

Health: 0/58       AC:  7    Str: 25    XL:     5   Next: 3%
Magic:  4/4        EV:  8    Int:  4    God:
Gold:   274        SH:  9    Dex: 11    Spells: 4/4 levels left

rFire    + . .     SeeInvis .     - Unarmed
rCold    + . .     Faith    .   b - +0 kite shield
rNeg     . . .     Spirit   .   l - +0 robe
rPois    +         Reflect  .   (helmet restricted)
rElec    +         Harm     .   i - +0 cloak
rCorr    +         Rampage  .   (gloves unavailable)
Will     .....                  (boots unavailable)
Stlth    +.........             (no amulet)
HPRegen  0.59/turn              (no ring)
MPRegen  0.09/turn              (no ring)

@: lethally poisoned (0 -> -21), resistant, hasted, very quick
A: large, unfitting armour, claws 3, agile 1, deterioration 1, regeneration 1,
robust 1, shaggy fur 1, tough skin 3
a: no special abilities


You were on level 3 of the Dungeon.
You visited 1 branch of the dungeon, and saw 3 of its levels.

You collected 274 gold pieces.

Inventory:

Missiles
 h - 11 poisoned darts (quivered)
Armour
 b - a +0 kite shield (worn)
 i - a +0 cloak (worn)
 l - a +0 robe (worn)
Scrolls
 a - a scroll of blinking {unknown}
 e - a scroll of identify {unknown}
 f - 2 scrolls of noise {unknown}
 j - a scroll of teleportation {unknown}
 k - 3 scrolls of enchant armour {unknown}
 n - a scroll of remove curse {unknown}
Potions
 c - a potion of might
 d - a potion of mutation


   Skills:
 + Level 3.1 Fighting
 - Level 2.4 Dodging
 + Level 3.1 Shields
 * Level 4.0 Unarmed Combat


You had 4 spell levels left.
You didn't know any spells.
Your spell library was empty.

Dungeon Overview and Level Annotations

Branches:
Dungeon (3/15)

Altars:
Dithmenos
Ru


Innate Abilities, Weirdness & Mutations

You are too large for most types of armour.
You have claws for hands.
Your natural rate of healing is unusually fast.
You are covered in fur. (AC +1)
You have extremely tough skin. (AC +3)
You are agile. (Dex +2)
Your body sometimes deteriorates upon taking damage.
You are robust. (+10% HP)


Message History

The orc hits you from afar with a +0 trident of venom.
* * * LOW HITPOINT WARNING * * *
You are more poisoned.
You block the orc's attack.
It was a potion of mutation.
You feel extremely strange.
You feel robust.
You feel yourself wasting away.
You feel agile.
You feel sick. You block the orc's attack. The orc hits you.
* * * LOW HITPOINT WARNING * * *
It was a potion of haste.
You feel yourself speed up.
* * * LOW HITPOINT WARNING * * *
You feel very sick. You block the orc's attack.
The orc hits you but does no damage.
You are more poisoned.
The orc barely misses you.
It was a potion of resistance.
You feel protected.
* * * LOW HITPOINT WARNING * * *
You feel sick.
The orc hits you from afar with a +0 trident!
You die...

...####.# #. #.# #.#
...# <# ###.##.####
.†.## #. ......)†...# #
.<..# ##
.#.#..#.##.###.####.
#...#
#.#................
#...... #
#.#...........#####
#.#.#####.
#.#.#..............#
#.#.#
#...#.#o##...##..#####.#
#.... #....obo@.......#
# ###.##
##....o#######..#
##..#.)# #..# #.# #o#o#
#..# #. ..##.# #..# .
#.# ## #.## #.. #.# #..


You could see 4 orcs and a bat.

Vanquished Creatures
  An orc wizard (D:3)
  3 adders (D:2)
  An ooze (D:2)
  A worm (D:2)
  4 dart slugs
  A leopard gecko (D:3)
  5 orcs (D:3)
  2 giant cockroaches
  5 goblins
  6 hobgoblins
  10 jackals (D:2)
  2 quokkas (D:2)
  5 frilled lizards
  5 kobolds
  12 rats
63 creatures vanquished.

Vanquished Creatures (others)
  5 toadstools (D:1)
5 creatures vanquished.

Grand Total: 68 creatures vanquished

Notes
Turn   | Place    | Note
-------+----------+-------------------------------------------
     0 | D:1      | wakim the Troll Fighter began the quest for the Orb.
     0 | D:1      | Reached XP level 1. HP: 22/22 MP: 0/0
   230 | D:1      | Reached XP level 2. HP: 29/29 MP: 1/1
   967 | D:2      | Reached XP level 3. HP: 34/36 MP: 2/2
  1003 | D:2      | Reached skill level 3 in Unarmed Combat
  1098 | D:2      | Found a sacrificial altar of Ru.
  1098 | D:2      | Found a shadowy altar of Dithmenos.
  1195 | D:2      | Reached XP level 4. HP: 44/44 MP: 3/3
  1777 | D:3      | Reached skill level 4 in Unarmed Combat
  1777 | D:3      | Reached XP level 5. HP: 36/53 MP: 4/4
  1782 | D:3      | Gained mutation: You are robust. (+10% HP) [potion of
                  | mutation]
  1782 | D:3      | Gained mutation: Your body sometimes deteriorates upon
                  | taking damage. [potion of mutation]
  1782 | D:3      | Gained mutation: You are agile. (Dex +2) [potion of
                  | mutation]
  1784 | D:3      | Slain by an orc

Illustrated notes

Levels and vault maps discovered:
D:1:      dpeg_arrival_ratfight, layout_basic, minmay_gold_behind_fungi
D:2:      layout_loops_ring, gammafunk_temple_overflow_pools,
          kennysheep_generic_room_12
D:3:      layout_loops_ring, guppyfry_early_orc_mine, uniq_grinder

Skill      XL: |  1  2  3  4 |
---------------+-------------+-----
Unarmed Combat | 3 4 |  4.0
Fighting       | 3 |  3.1
Shields        | 3 |  3.1
Dodging        | |  2.4

Action                   |  1- 3 |  4- 6 || total
-------------------------+-------+-------++-------
Melee: Unarmed           |    83 |    51 ||   134
  Use: Potion            |       |     3 ||     3
Armor: Robe              |    18 |    14 ||    32
Dodge: Dodged            |    12 |     8 ||    20
Block: Kite shield       |    28 |    27 ||    55

Table legend: (Time is in decaauts)
 A = Elapsed time spent in this place.
 B = Non-inter-level travel time spent in this place.
 C = Inter-level travel time spent in this place.
 D = Time resting spent in this place.
 E = Time spent auto-exploring this place.
 F = Levels seen in this place.
 G = Mean time per level.
                   A        B        C        D        E       F      G
               +--------+--------+--------+--------+--------+-----+--------+
         Total |   1785 |   1668 |    117 |      0 |   1276 |   3 |  595.0 |
       Dungeon |   1785 |   1668 |    117 |      0 |   1276 |   3 |  595.0 |
               +--------+--------+--------+--------+--------+-----+--------+

Top non-repeatable levels by time:
     D:1: 854 daAuts
     D:2: 711 daAuts
     D:3: 219 daAuts
